 Dungeon Crawl Stone Soup version 0.21-a0-529-g8c7b3f5 (webtiles) character file.

6375 Amnesiac the Fighter (level 10, -3/111 HPs)
             Began as an Ogre Arcane Marksman on Dec 11, 2017.
             Was a High Priest of Okawaru.
             Slain by a two-headed ogre
             ... wielding a +0 giant spiked club
              (9 damage)
             ... on level 9 of the Dungeon.
             The game lasted 00:24:31 (11766 turns).

Amnesiac the Fighter (Ogre Arcane Marksman)        Turns: 11766, Time: 00:24:32

Health: -3/111     AC:  6    Str: 17    XL:     10   Next: 97%
Magic:  2/13       EV: 10    Int: 21    God:    Okawaru [*****.]
Gold:   311        SH: 12    Dex: 10    Spells: 7/13 levels left

rFire    + . .     SeeInvis .   S - +10 war axe of Anguish {chop, *Slow +Inv Int+2}
rCold    . . .     Gourm    .   u - +0 shield
rNeg     + . .     Faith    .   J - +2 robe {rN+}
rPois    .         Spirit   .   (helmet restricted)
rElec    .         Reflect  +   B - +0 cloak
rCorr    .         Harm     .   (gloves unavailable)
MR       +....                  (boots unavailable)
Stlth    +.........             v - +2 amulet of reflection
HPRegen  0.28/turn              q - ring of protection from fire
MPRegen  0.13/turn              V - +4 ring of intelligence

@: no status effects
A: large, unfitting armour, tough skin 1
a: Heroism, Finesse, Renounce Religion, Evoke Invisibility


You were on level 9 of the Dungeon.
You worshipped Okawaru.
Okawaru was extremely pleased with you.
You were hungry.

You visited 2 branches of the dungeon, and saw 10 of its levels.

You collected 311 gold pieces.

Inventory:

Hand Weapons
 a - a +1 short sword of draining
 b - a +0 blowgun
 o - a +0 trident
 x - a +2 flail of venom
 O - the +1 quarterstaff "Worm" {chaos, rF- rC++, unknown}
   (You found it on level 8 of the Dungeon)

   Each time it hits an enemy it has a different, random effect.
   It makes you vulnerable to fire.
   It greatly protects you from cold.
 S - the +10 war axe of Anguish (weapon) {chop, *Slow +Inv Int+2}
   (You took it off an orc on level 8 of the Dungeon)

   It inflicts extra damage upon your enemies.
   It affects your intelligence (+2).
   It lets you turn invisible.
   It may slow you when you take damage.
Missiles
 d - 7 large rocks (quivered)
 j - 218 stones
 z - 32 poisoned needles
 M - 3 tomahawks of dispersal {god gift}
Armour
 u - a +0 shield (worn)
 B - a +0 cloak (worn)
 J - a +2 robe of positive energy (worn)
Jewellery
 q - a ring of protection from fire (left hand)
 v - a +2 amulet of reflection (around neck)
 Q - an uncursed ring of positive energy
 V - a +4 ring of intelligence (right hand)
Wands
 m - a wand of polymorph (15)
 I - a wand of iceblast (6)
 P - a wand of flame (24)
 R - a wand of digging (18)
 X - a wand of paralysis (13)
Scrolls
 c - a scroll of holy word {!r, unknown}
 h - 3 scrolls of remove curse {!r}
 k - 5 scrolls of teleportation {!r}
 p - 2 scrolls of enchant weapon {!r, unknown}
 s - a scroll of immolation {!r, unknown}
 t - 2 scrolls of blinking {!r, unknown}
 A - a scroll of random uselessness {!r, unknown}
 C - a scroll of fog {!r, unknown}
 D - 2 scrolls of enchant armour {!r, unknown}
 H - 2 scrolls of amnesia {!r}
 L - a scroll of identify {!r}
 N - a scroll of acquirement {!r, unknown}
 Y - a scroll of magic mapping {!r, unknown}
Potions
 e - 2 potions of curing {!q}
 g - a potion of resistance {!q, unknown}
 i - 3 potions of flight {!q, unknown}
 l - 2 potions of invisibility {!q, unknown}
 n - 2 potions of haste {!q, unknown}
 r - 4 potions of degeneration {!q, unknown}
 w - 2 potions of magic {!q}
 E - 3 potions of cancellation {!q}
 G - a potion of ambrosia {!q}
 K - 3 potions of brilliance {!q, unknown}
Books
 y - a book of Debilitation

   Spells                             Type                      Level
   a - Corona                         Hexes                        1
   b - Slow                           Hexes                        2
   c - Inner Flame                    Hexes/Fire                   3
   d - Portal Projectile              Hexes/Translocation          3
   e - Cause Fear                     Hexes                        4
   f - Leda's Liquefaction            Hexes/Earth                  4
Comestibles
 f - 6 bread rations
 F - 3 meat rations
 T - 10 royal jellies
 U - 2 fruits
 W - 3 chunks of flesh


   Skills:
 - Level 10.4 Fighting
 - Level 10.0 Throwing
 - Level 1.7 Dodging
 * Level 8.6 Shields
 - Level 2.0 Spellcasting
 - Level 3.0 Hexes
 + Level 3.6 Invocations


You had 7 spell levels left.
You knew the following spells:

 Your Spells              Type           Power        Failure   Level  Hunger
a - Corona                Hex            ##.....      4%          1    #......
b - Portal Projectile     Hex/Tloc       #.....       26%         3    ###....
e - Slow                  Hex            ##......     7%          2    ##.....


Dungeon Overview and Level Annotations

Branches:
Dungeon (9/15)             Temple (1/1) D:4            Lair (0/6) D:9
    Orc: D:9-12

Altars:
Ashenzari
Cheibriados
Dithmenos
Elyvilon
Fedhas
Gozag
Hepliaklqana
Kikubaaqudgha
Makhleb
Nemelex Xobeh
Okawaru
Qazlal
Ru
Sif Muna
Trog
Uskayaw
Vehumet
Wu Jian
Xom
Yredelemnul
Zin
The Shining One


Innate Abilities, Weirdness & Mutations

You are too large for most types of armour.
You have tough skin. (AC +1)


Message History

Confirm with . or Enter, or press ? or * to list all spells.
Aiming: Slow
Press: ? - help, Shift-Dir - straight line, f/p - two-headed ogre
Aim: a two-headed ogre, wielding a giant spiked club and a giant club (lightly wounded, chance to defeat MR: 33%)
The two-headed ogre easily resists.
The two-headed ogre barely misses you.
The two-headed ogre hits you with a giant club!
Casting: Slow
Confirm with . or Enter, or press ? or * to list all spells.
Aiming: Slow
Press: ? - help, Shift-Dir - straight line, f/p - two-headed ogre
Aim: a two-headed ogre, wielding a giant spiked club and a giant club (lightly wounded, chance to defeat MR: 33%)
The two-headed ogre easily resists.
Casting: Slow
Confirm with . or Enter, or press ? or * to list all spells.
Aiming: Slow
Press: ? - help, Shift-Dir - straight line, f/p - two-headed ogre
Aim: a two-headed ogre, wielding a giant spiked club and a giant club (lightly wounded, chance to defeat MR: 33%)
The two-headed ogre easily resists.
You block the two-headed ogre's attack. The two-headed ogre closely misses you.
Casting: Slow
Confirm with . or Enter, or press ? or * to list all spells.
You don't have enough magic to cast that spell.
Quiver which item? (- for none, * to show all) (? for menu, Esc to quit)
Quivering
d - 11 large rocks for throwing.
You slash the two-headed ogre!
The two-headed ogre is moderately wounded.
The two-headed ogre hits you with a giant spiked club!!
You block the two-headed ogre's attack.
Throwing (i - inventory. (,) - cycle):
d - 11 large rocks (quivered)
Press: ? - help, Shift-Dir - straight line, f/p - two-headed ogre
Aim: a two-headed ogre, wielding a giant spiked club and a giant club (moderately wounded)
You throw a large rock.
The large rock hits the two-headed ogre but does no damage.
The two-headed ogre is moderately wounded.
You block the two-headed ogre's attack.
The two-headed ogre hits you with a giant club!
* * * LOW HITPOINT WARNING * * *
Throwing (i - inventory. (,) - cycle):
d - 10 large rocks (quivered)
Press: ? - help, Shift-Dir - straight line, f/p - two-headed ogre
Aim: a two-headed ogre, wielding a giant spiked club and a giant club (moderately wounded)
You throw a large rock.
The large rock hits the two-headed ogre!!
The two-headed ogre is heavily wounded.
You block the two-headed ogre's attack. x2
Throwing (i - inventory. (,) - cycle):
d - 9 large rocks (quivered)
Press: ? - help, Shift-Dir - straight line, f/p - two-headed ogre
Aim: a two-headed ogre, wielding a giant spiked club and a giant club (heavily wounded)
You throw a large rock.
The large rock completely misses the two-headed ogre.
You block the two-headed ogre's attack.
The two-headed ogre hits you with a giant club!!
* * * LOW HITPOINT WARNING * * *
You block the two-headed ogre's attack.
The two-headed ogre hits you with a giant club!
* * * LOW HITPOINT WARNING * * *
Throwing (i - inventory. (,) - cycle):
d - 8 large rocks (quivered)
Press: ? - help, Shift-Dir - straight line, f/p - two-headed ogre
Aim: a two-headed ogre, wielding a giant spiked club and a giant club (heavily wounded)
You throw a large rock.
The large rock barely misses the two-headed ogre.
The two-headed ogre hits you with a giant spiked club!
* * * LOW HITPOINT WARNING * * *
The two-headed ogre hits you with a giant club!
You die...

#
###+#############################
.................................
........#.....##.........#######.
(.#.....#........................
.(.(.............................
..................(..............
.........##......###.......#.)###
.........(.....O@................
?..................##'#######....
#...##..#...#).##..#........#...#
.... ....>.........########+#....
... ...########...... ........ ..
#... #.###..# #..#..... #.. ....
......... .... #########
#........


You could see a two-headed ogre.

Vanquished Creatures
  The ghost of Amnesiac the Thrower, a novice OgAM of Okawaru (D:7)
  A two-headed ogre (D:8)
  Pikel (D:5)
  The ghost of Amnesiac the Chucker, an amateur OgAM (D:4)
  A hippogriff (D:7)
  Eustachio (D:5)
  Sigmund (D:6)
  Menkaure (D:5)
  A porcupine (D:9)
  Duvessa (D:5)
  2 orc warriors (D:7)
  2 ice beasts
  A black bear (D:9)
  A slave (D:5)
  5 ogres
  A centaur (D:7)
  A big kobold (D:9)
  5 bullfrogs
  Blork the orc (D:5)
  Dowan (D:5)
  A wyvern skeleton (D:8)
  4 scorpions
  3 wights
  7 killer bees
  A howler monkey (D:6)
  3 crimson imps
  A centaur zombie (D:6)
  A bullfrog zombie (D:9)
  A centaur skeleton (D:8)
  7 jellies
  2 orc priests (D:7)
  6 orc wizards
  3 bullfrog skeletons
  Jessica (D:6)
  Natasha (thrice) (D:2)
  3 iguanas
  5 worker ants
  A hound zombie (D:7)
  Robin (D:1)
  7 gnolls
  9 adders
  A shadow imp (D:8)
  7 oozes
  2 adder zombies
  3 adder skeletons
  2 dart slugs
  2 leopard geckos
  7 orcs
  3 ball pythons
  3 bats
  6 giant cockroaches
  13 goblins
  13 hobgoblins
  13 jackals
  7 quokkas
  4 frilled lizards
  15 kobolds
  A leopard gecko zombie (D:8)
  A quokka skeleton (D:5)
  6 rats
  6 fungi (D:9)
  3 plants (D:9)
218 creatures vanquished.

Vanquished Creatures (others)
  A bullfrog zombie (D:5)
  6 fungi (D:9)
7 creatures vanquished.

Grand Total: 225 creatures vanquished

Notes
Turn   | Place    | Note
-------+----------+-------------------------------------------
     0 | D:1      | Amnesiac the Ogre Arcane Marksman began the quest for the Orb.
     0 | D:1      | Reached XP level 1. HP: 19/19 MP: 2/2
   210 | D:1      | Reached XP level 2. HP: 28/28 MP: 0/4
   280 | D:1      | Learned a level 2 spell: Slow
   853 | D:2      | Noticed Robin
  1014 | D:1      | Reached XP level 3. HP: 22/35 MP: 2/5
  1203 | D:1      | HP: 1/35 [Robin/mace (9)]
  1208 | D:1      | Killed Robin
  1893 | D:2      | Noticed Natasha
  1896 | D:2      | Reached XP level 4. HP: 26/44 MP: 4/7
  1907 | D:2      | Killed Natasha
  2134 | D:2      | Noticed Natasha
  2140 | D:2      | Killed Natasha
  2140 | D:2      | Reached XP level 5. HP: 53/53 MP: 4/8
  2436 | D:2      | Noticed Natasha
  2442 | D:2      | Killed Natasha
  2873 | D:3      | Learned a level 3 spell: Portal Projectile
  3396 | D:3      | Reached XP level 6. HP: 60/62 MP: 6/9
  3770 | D:4      | Reached skill level 5 in Throwing
  3870 | D:4      | Noticed Amnesiac's ghost (amateur OgAM)
  3877 | D:4      | Killed Amnesiac's ghost
  3877 | D:4      | Reached skill level 5 in Fighting
  3877 | D:4      | Reached XP level 7. HP: 54/72 MP: 10/10
  4302 | D:4      | Found a staircase to the Ecumenical Temple.
  4311 | Temple   | Entered the Ecumenical Temple
  4556 | Temple   | Became a worshipper of Warmaster Okawaru
  4628 | D:5      | Entered Level 5 of the Dungeon
  4666 | D:5      | Noticed Duvessa
  4669 | D:5      | Noticed Dowan
  4682 | D:5      | Killed Duvessa
  4865 | D:5      | Killed Dowan
  4865 | D:5      | Reached * piety under Okawaru
  4897 | D:5      | Noticed Eustachio
  4902 | D:5      | Killed Eustachio
  4902 | D:5      | Reached XP level 8. HP: 81/84 MP: 9/11
  5057 | D:5      | Found a stormy altar of Qazlal.
  5637 | D:5      | Noticed Blork the orc
  5641 | D:5      | Killed Blork the orc
  5670 | D:5      | Found a shadowy altar of Dithmenos.
  5688 | D:5      | Noticed Menkaure
  5691 | D:5      | Killed Menkaure
  5858 | D:5      | Noticed Pikel
  5892 | D:5      | Killed Pikel
  5892 | D:5      | Reached ** piety under Okawaru
  5892 | D:5      | Reached XP level 9. HP: 70/96 MP: 8/12
  6340 | D:6      | Noticed Sigmund
  6341 | D:6      | Killed Sigmund
  6839 | D:6      | Found a sparkling altar of Nemelex Xobeh.
  6839 | D:6      | Noticed Jessica
  6842 | D:6      | Killed Jessica
  7079 | D:6      | Reached *** piety under Okawaru
  7130 | D:6      | Reached skill level 10 in Throwing
  7784 | D:7      | Reached skill level 10 in Fighting
  7927 | D:7      | Noticed Amnesiac's ghost (novice OgAM)
  7977 | D:8      | Received a gift from Okawaru
  7977 | D:8      | Reached skill level 1 in Shields
  9166 | D:7      | Killed Amnesiac's ghost
  9166 | D:7      | Received a gift from Okawaru
  9166 | D:7      | Reached **** piety under Okawaru
  9166 | D:7      | Reached skill level 5 in Shields
  9166 | D:7      | Reached XP level 10. HP: 79/111 MP: 1/13
  9447 | D:8      | Noticed a two-headed ogre
  9461 | D:8      | Killed a two-headed ogre
 10109 | D:8      | Reached ***** piety under Okawaru
 10118 | D:8      | Got a warped quarterstaff
 10176 | D:8      | Reached skill level 1 in Invocations
 11070 | D:8      | Got a bloodstained war axe {chop}
 11071 | D:8      | Identified the +10 war axe of Anguish {chop, *Slow +Inv Int+2} (You took it off an orc on level 8 of the Dungeon)
 11137 | D:8      | Received a gift from Okawaru
 11284 | D:9      | Found a staircase to the Lair.
 11741 | D:9      | Noticed a two-headed ogre
 11766 | D:9      | Slain by a two-headed ogre

Vault maps used:
D:1:      dpeg_arrival_short_road
D:2:      kennysheep_potato, uniq_robin, uniq_natasha
D:4:      minmay_temple_entry_butterflies
D:5:      nicolae_dithmenos_through_a_glass_darkly, first_bread,
          grunt_qazlal_clouds, uniq_pikel, uniq_blork_the_orc, uniq_eustachio,
          uniq_duvessa, uniq_menkaure
D:6:      nemelex_lonely_heart_becter, uniq_sigmund
D:8:      hangedman_little_slice_of_home
D:9:      due_lair_maze_entry_diamond, grunt_decor_resistance,
          kennysheep_nondescript
Temple:   roderic_octagonal_lattice_temple

Skill      XL: |  1  2  3  4  5  6  7  8  9 10 |
---------------+-------------------------------+-----
Fighting       | 2 3 4 5 6 8 10 | 10.4
Hexes          | 3 |  3.0
Spellcasting   | 2 |  2.0
Throwing       | 3 4 6 7 9 10 | 10.0
Shields        | 5 8 |  8.6
Invocations    | 3 |  3.6
Dodging        | |  1.7

Action                   |  1- 3 |  4- 6 |  7- 9 | 10-12 || total
-------------------------+-------+-------+-------+-------++-------
Melee: Whip              |    69 |       |       |       ||    69
       Unarmed           |     3 |       |     9 |       ||    12
       Trident           |    21 |    61 |       |       ||    82
       Short sword       |       |    42 |   252 |   105 ||   399
       War axe           |       |       |       |    67 ||    67
Throw: Large rock        |     8 |     9 |    40 |    20 ||    77
       Stone             |     6 |    42 |   140 |    68 ||   256
       Throwing net      |       |     1 |     2 |       ||     3
       Tomahawk          |       |       |       |     2 ||     2
 Cast: Corona            |    41 |    49 |   102 |    57 ||   249
       Slow              |     2 |       |    25 |    24 ||    51
  Use: Scroll            |       |       |     7 |       ||     7
       Potion            |       |       |     3 |       ||     3
 Stab: Held in net/web   |       |       |     1 |       ||     1
  Eat: Chunk             |     4 |     8 |    16 |     4 ||    32
       Royal jelly       |       |       |     1 |       ||     1
       Bread ration      |       |       |     1 |       ||     1
       Meat ration       |       |       |       |     1 ||     1
Armor: Robe              |    28 |    31 |    81 |    46 ||   186
       Skin              |       |       |    30 |       ||    30
Dodge: Dodged            |    63 |    62 |   136 |    75 ||   336
Block: Other             |       |       |    16 |     1 ||    17
       Reflection        |       |       |     1 |     4 ||     5
       Shield            |       |       |       |   119 ||   119

Table legend:
 A = Spawn XP
 B = Non-spawn XP
 C = Spawn XP percentage of total XP
 D = Spawn monster count
 E = Non-spawn monster count
 F = Spawn count percentage of total count
 G = Total turns spent on level
                    A         B        C        D         E        F      G
               +---------+---------+-------+---------+---------+-------+---------
         Total |       0 |    9108 |   0.0 |       0 |     208 |   0.0 | 11766
               +---------+---------+-------+---------+---------+-------+---------
           D:1 |       0 |      56 |   0.0 |       0 |      23 |   0.0 |  1491
           D:2 |       0 |     186 |   0.0 |       0 |      25 |   0.0 |  1132
           D:3 |       0 |      84 |   0.0 |       0 |      24 |   0.0 |  1081
           D:4 |       0 |     463 |   0.0 |       0 |      15 |   0.0 |   832
           D:5 |       0 |    1634 |   0.0 |       0 |      24 |   0.0 |  1347
           D:6 |       0 |     768 |   0.0 |       0 |      21 |   0.0 |  1253
           D:7 |       0 |    2226 |   0.0 |       0 |      23 |   0.0 |  2510
           D:8 |       0 |    2285 |   0.0 |       0 |      31 |   0.0 |  1310
           D:9 |       0 |    1406 |   0.0 |       0 |      22 |   0.0 |   546
               +---------+---------+-------+---------+---------+-------+---------
